 Dungeon Crawl Stone Soup version 0.21.0 (webtiles) character file.

13013 Hekarica the Fighter (level 11, -1/135 HPs)
             Began as a Demonspawn Warper on June 3, 2018.
             Was a High Priest of Wu Jian.
             Slain by a two-headed ogre
             ... wielding a +0 giant club
              (9 damage)
             ... on level 2 of the Orcish Mines on June 4, 2018.
             The game lasted 01:28:09 (9541 turns).

Hekarica the Fighter (Demonspawn Warper)            Turns: 9541, Time: 01:28:10

Health: -1/135     AC: 25    Str: 25    XL:     11   Next: 70%
Magic:  14/18      EV:  2    Int: 15    God:    Wu Jian [*****.]
Gold:   741        SH:  6    Dex: 12    Spells: 15/20 levels left

rFire    . . .     SeeInvis .   a - +6 long sword (freeze)
rCold    . . .     Gourm    .   b - +2 buckler
rNeg     + + +     Faith    .   (armour currently unavailable)
rPois    +         Spirit   .   (helmet currently unavailable)
rElec    .         Reflect  .   (cloak currently unavailable)
rCorr    .         Harm     .   (gloves currently unavailable)
MR       +....     NoTele   +   (boots currently unavailable)
Stlth    +.........             l - amulet of regeneration
HPRegen  0.72/turn              I - +5 ring of strength
MPRegen  0.16/turn              p - ring of protection from magic

@: mighty, tree-form, drained
A: demonic guardian 1
a: Wall Jump, Serpent's Lash, Heavenly Storm, Renounce Religion


You were on level 2 of the Orcish Mines.
You worshipped Wu Jian.
Wu Jian was extremely pleased with you.
You were not hungry.
You were a tree.
You visited 2 branches of the dungeon, and saw 13 of its levels.
You also visited: Ossuary.

You collected 741 gold pieces.

Inventory:

Hand Weapons
 a - a +6 long sword of freezing (weapon)
Missiles
 e - 5 tomahawks of dispersal
 x - 3 tomahawks of returning
 C - 24 tomahawks (quivered)
Armour
 b - a +2 buckler (worn)
 i - a +2 pair of boots (melded)
 q - a +2 helmet (melded)
 u - a +0 cloak (melded)
 y - a +0 pair of gloves (melded)
 B - a +4 ring mail of cold resistance (melded)
Jewellery
 j - an uncursed ring of see invisible
 l - an amulet of regeneration (around neck)
 n - an uncursed ring of fire
 p - a ring of protection from magic (right branch)
 I - a +5 ring of strength (left branch)
Wands
 G - a wand of flame (21)
 J - a wand of acid (4)
Scrolls
 d - 4 scrolls of blinking
 h - 10 scrolls of remove curse
 m - a scroll of fear
 v - 6 scrolls of teleportation
 w - 3 scrolls of fog
Potions
 g - a potion of flight
 o - 3 potions of curing
 r - a potion of might
 s - a potion of cancellation {unknown}
 z - 3 potions of resistance
 A - 5 potions of brilliance
 D - 3 potions of agility
 E - a potion of invisibility {unknown}
 F - 2 potions of magic
 H - 3 potions of haste
Books
 c - a book of Spatial Translocations

   Spells                             Type                      Level
   a - Blink                          Translocation                2
   b - Shroud of Golubria             Charms/Translocation         2
   c - Lesser Beckoning               Translocation                3
   d - Gell's Gravitas                Translocation                3
   e - Teleport Other                 Translocation                3
   f - Passage of Golubria            Translocation                4
Comestibles
 f - 12 rations


   Skills:
 + Level 10.0(9.0) Fighting
   Level 6.0(6.5) Short Blades
 + Level 6.9 Long Blades
 + Level 5.6(4.7) Throwing
 - Level 5.1(4.2) Armour
 - Level 5.0(4.1) Dodging
 - Level 4.3(3.4) Shields
 - Level 5.0(4.1) Spellcasting
 - Level 5.0(4.1) Translocations


You had 15 spell levels left.
You knew the following spells:

 Your Spells              Type           Power        Failure   Level  Hunger
a - Blink                 Tloc           N/A          5%          2    ##.....
b - Teleport Other        Tloc           ###.....     11%         3    ###....


Dungeon Overview and Level Annotations

Branches:
Dungeon (11/15)               Orc (2/2) D:10
 Temple: D:4-7         Lair: D:8-11         Elf: Orc:2

Altars:
Cheibriados
Elyvilon
Fedhas
Makhleb
Nemelex Xobeh
Okawaru
Qazlal
Sif Muna
Trog
Uskayaw
Wu Jian
Zin
The Shining One
Beogh

Annotations:
D:11 Josephine


Innate Abilities, Weirdness & Mutations

A weak demonic guardian rushes to your aid.
((You are mostly covered in sharp spines.))
((When seriously injured, your bleeding wounds create thick armour. (AC +0)))


Message History

The orc sorcerer mumbles some strange words.
You block the orc warrior's attack.
The orc warrior hits you from afar with a glaive.
* * * LOW HITPOINT WARNING * * *
The two-headed ogre hits you but does no damage.
The two-headed ogre hits you with a giant spiked club.
* * * LOW HITPOINT WARNING * * *
The orc warrior barely misses your iron imp.
An orc warrior comes into view. It is wielding a scimitar.
You slash the two-headed ogre! You freeze the two-headed ogre.
The two-headed ogre is almost dead.
The orc wizard hits you but does no damage.
You block the orc warrior's attack.
The orc wizard casts a spell.
The orc wizard flickers and vanishes!
The orc wizard hits you but does no damage.
The two-headed ogre hits you with a giant club.
* * * LOW HITPOINT WARNING * * *
The two-headed ogre hits you with a giant spiked club!
You die... ... ... #.# .. oO. ..# ##o## ..# 5oo

# #.# #o# #####.
##..{##♣# #.....
#...#.#O#### ###.)...
#....o3o..# ###...).##
..#...o({4## ##...)).#.#
#......(####...†<.)...
............###.))...)..
................[...#...
.......#...(......###...
.......#....(......##<..


You could see a two-headed ogre, a sun demon, a chaos spawn, an orc sorcerer, 4
orc warriors, an ogre, 2 orc priests, an orc wizard and a friendly iron imp.

Vanquished Creatures
  A death yak (D:10)
  2 two-headed ogres
  Pikel (D:3)
  An orc sorcerer (D:10)
  A cyclops (Orc:2)
  A troll (Orc:1)
  2 polar bears (D:10)
  Prince Ribbit (D:7)
  A hippogriff (D:8)
  4 wraiths (D:11)
  5 yaks (D:10)
  3 vampire mosquitoes (D:10)
  Menkaure (D:4)
  2 hungry ghosts (D:10)
  The ghost of Gridlocked the Skirmisher, an amateur GrMo of Okawaru (D:3)
  A soldier ant (D:10)
  An acid dragon (D:11)
  A warg (D:10)
  13 orc warriors
  A black bear (D:8)
  4 ice beasts
  2 phantoms
  A sky beast (D:8)
  4 ogres
  5 centaurs
  Blork the orc (D:5)
  An elf zombie (Ossuary)
  2 wyvern zombies
  9 bullfrogs
  2 scorpions
  6 killer bees
  2 howler monkeys
  3 wights (D:9)
  An electric eel (D:10)
  3 crimson imps
  2 centaur zombies (Ossuary)
  2 human zombies (Ossuary)
  3 hounds
  9 orc priests
  A bullfrog skeleton (D:4)
  A bullfrog zombie (D:10)
  2 centaur skeletons
  2 jellies
  8 orc wizards
  4 worker ants
  2 iguanas (D:11)
  A hound zombie (D:7)
  A hound skeleton (D:4)
  3 mummies
  A howler monkey zombie (D:8)
  7 adders
  6 gnolls
  3 shadow imps
  2 white imps
  2 ufetubi (D:10)
  3 oozes
  3 adder skeletons
  An adder zombie (Ossuary)
  2 worms
  A dart slug (D:6)
  10 leopard geckos
  46 orcs
  5 bats
  6 giant cockroaches
  8 goblins
  8 hobgoblins
  5 jackals
  9 kobolds
  4 quokkas
  3 frilled lizards
  A goblin skeleton (D:8)
  A goblin zombie (Ossuary)
  11 hobgoblin zombies
  A jackal zombie (D:8)
  9 kobold zombies (Ossuary)
  3 leopard gecko skeletons
  2 orc skeletons (D:8)
  9 orc zombies (Ossuary)
  A quokka skeleton (D:7)
  8 rats
  A rat zombie (Ossuary)
313 creatures vanquished.

Vanquished Creatures (collateral kills)
  Joseph (D:10)
  The ghost of Zerd the Thaumaturge, a novice DECj of Vehumet (D:5)
  An orc warrior (D:6)
  A necrophage (D:9)
  2 black bears
  An ogre (D:10)
  A wolf (D:10)
  A killer bee (D:10)
  A crimson imp (D:5)
  An orc priest (Orc:2)
  A bullfrog simulacrum (D:10)
  A worker ant zombie (D:10)
  A gnoll (D:5)
  A shadow imp (D:6)
  An adder skeleton (D:6)
  3 orcs
  A giant cockroach (D:6)
  A bat (D:3)
  A hobgoblin zombie (Ossuary)
  A jackal zombie (Ossuary)
  An orc zombie (Ossuary)
24 creatures vanquished.

Vanquished Creatures (others)
  An orc wizard (D:4)
  A howler monkey skeleton (D:4)
  An orc (Orc:1)
  3 hobgoblins (D:4)
6 creatures vanquished.

Grand Total: 343 creatures vanquished

Notes
Turn   | Place    | Note
-------+----------+-------------------------------------------
     0 | D:1      | Hekarica the Demonspawn Warper began the quest for the Orb.
     0 | D:1      | Reached XP level 1. HP: 16/16 MP: 3/3
   297 | D:1      | Gained mutation: A weak demonic guardian rushes to your aid. [demonic ancestry]
   297 | D:1      | Reached XP level 2. HP: 22/22 MP: 5/5
   567 | D:1      | Learned a level 2 spell: Blink
   871 | D:1      | Reached XP level 3. HP: 28/28 MP: 6/6
  1506 | D:2      | Found an iron altar of Okawaru.
  1506 | D:2      | Found a bloodstained altar of Trog.
  1774 | D:3      | Noticed Gridlocked's ghost (amateur GrMo)
  1841 | D:3      | Reached XP level 4. HP: 32/34 MP: 7/7
  2147 | D:4      | Noticed a slave
  2148 | D:4      | Noticed a slave
  2149 | D:4      | Noticed Pikel
  2243 | D:3      | Found a hide-covered altar of Uskayaw.
  2282 | D:3      | Reached skill level 3 in Fighting
  2282 | D:3      | Reached skill level 1 in Short Blades
  2557 | D:3      | Reached XP level 5. HP: 40/41 MP: 9/9
  2559 | D:4      | Noticed a slave
  2559 | D:4      | Noticed a slave
  2571 | D:3      | Killed Pikel
  2571 | D:3      | Reached skill level 4 in Fighting
  2571 | D:3      | Gained mutation: You are partially covered in sharp spines. [demonic ancestry]
  2571 | D:3      | Reached XP level 6. HP: 25/48 MP: 9/11
  2571 | D:3      | Gained mutation: When seriously injured, your bleeding wounds create armour. (AC +0) [demonic ancestry]
  2571 | D:3      | Reached XP level 7. HP: 29/54 MP: 9/12
  3313 | D:4      | Found a blossoming altar of Fedhas.
  3314 | D:4      | Found an ornate altar of the Wu Jian Council.
  3334 | D:4      | Became a worshipper of the Wu Jian Council
  3363 | D:4      | Noticed Menkaure
  3374 | D:4      | Killed Menkaure
  3466 | D:5      | Entered Level 5 of the Dungeon
  3523 | D:5      | Found a hide-covered altar of Uskayaw.
  3581 | D:5      | Reached skill level 5 in Fighting
  3581 | D:5      | Gained mutation: You are mostly covered in sharp spines. [demonic ancestry]
  3581 | D:5      | Reached XP level 8. HP: 38/62 MP: 14/14
  3672 | D:5      | Learned a level 3 spell: Teleport Other
  3683 | D:4      | Learned a level 3 spell: Teleport Other
  3735 | D:5      | Reached skill level 1 in Armour
  3886 | D:5      | Noticed Blork the orc
  3889 | D:5      | Noticed Zerd's ghost (novice DECj)
  3990 | D:5      | Reached * piety under Wu Jian
  4101 | D:3      | Killed Gridlocked's ghost
  4169 | D:5      | Killed Zerd's ghost
  4208 | D:5      | Found a deep blue altar of Sif Muna.
  4210 | D:5      | Killed Blork the orc
  4329 | D:6      | Reached skill level 6 in Fighting
  4412 | D:6      | Reached XP level 9. HP: 62/69 MP: 16/16
  4462 | D:6      | Found a snail-covered altar of Cheibriados.
  4481 | D:6      | Reached skill level 5 in Short Blades
  5170 | D:7      | Found a sand-covered staircase.
  5182 | Ossuary  | Entered an ossuary
  5225 | Ossuary  | Reached ** piety under Wu Jian
  5290 | Ossuary  | Reached skill level 1 in Shields
  5350 | Ossuary  | Reached *** piety under Wu Jian
  5972 | D:7      | Noticed Prince Ribbit
  5982 | D:7      | Killed Prince Ribbit
  6236 | D:8      | Found a white marble altar of Elyvilon.
  6378 | D:8      | Reached skill level 5 in Translocations
  6384 | D:8      | Reached skill level 5 in Spellcasting
  6385 | D:8      | Reached XP level 10. HP: 44/77 MP: 17/17
  6413 | D:8      | Found a glowing golden altar of the Shining One.
  6546 | D:8      | Found a sparkling altar of Nemelex Xobeh.
  6591 | D:8      | Reached skill level 7 in Fighting
  6594 | D:8      | Reached skill level 5 in Dodging
  6833 | D:9      | Reached **** piety under Wu Jian
  7104 | D:9      | Found a stormy altar of Qazlal.
  7251 | D:9      | Found a glowing silver altar of Zin.
  7251 | D:9      | Found a burning altar of Makhleb.
  7252 | D:9      | Noticed a balrug
  7252 | D:9      | Noticed an angel
  7365 | D:9      | Noticed a two-headed ogre
  7374 | D:9      | Killed a two-headed ogre
  7374 | D:9      | Reached skill level 5 in Armour
  7509 | D:10     | Entered Level 10 of the Dungeon
  7581 | D:10     | Reached skill level 8 in Fighting
  7594 | D:10     | Noticed Joseph
  7620 | D:10     | Killed Joseph
  7620 | D:10     | Reached skill level 1 in Throwing
  7688 | D:10     | Noticed a two-headed ogre
  7738 | D:10     | Killed a two-headed ogre
  7757 | D:10     | Reached skill level 5 in Long Blades
  7848 | D:10     | Found a staircase to the Orcish Mines.
  7906 | D:10     | Gained mutation: When seriously injured, your bleeding wounds create thick armour. (AC +0) [demonic ancestry]
  7906 | D:10     | Reached XP level 11. HP: 86/86 MP: 18/18
  7916 | D:10     | Reached ***** piety under Wu Jian
  7988 | D:10     | Reached skill level 9 in Fighting
  8273 | D:10     | Noticed a death yak
  8310 | D:10     | Killed a death yak
  8650 | D:11     | Noticed Josephine
  8797 | Orc:1    | Entered Level 1 of the Orcish Mines
  8797 | Orc:1    | Noticed an orc sorcerer
  9034 | D:10     | Reached skill level 5 in Throwing
  9040 | D:10     | Killed an orc sorcerer
  9377 | Orc:2    | Entered Level 2 of the Orcish Mines
  9441 | Orc:2    | Found a roughly hewn altar of Beogh.
  9512 | Orc:2    | Noticed a two-headed ogre
  9515 | Orc:2    | Noticed an orc sorcerer
  9526 | Orc:2    | Reached skill level 10 in Fighting
  9538 | Orc:2    | Noticed a sun demon
  9539 | Orc:2    | HP: 6/135 [two-headed ogre/giant club (10)]
  9541 | Orc:2    | Slain by a two-headed ogre

Skill      XL: |  1  2  3  4  5  6  7  8  9 10 11 |
---------------+----------------------------------+-----
Long Blades    | 2 5 6 |  6.9
Dodging        | 2 3 4 5 |  5.0
Fighting       | 3 4 5 6 8 10 | 10.0
Short Blades   | 1 2 3 4 5 6 |  6.0
Spellcasting   | 3 4 5 |  5.0
Armour         | 3 4 5 |  5.1
Translocations | 4 5 |  5.0
Shields        | 4 |  4.3
Throwing       | 3 5 |  5.6

Action                   |  1- 3 |  4- 6 |  7- 9 | 10-12 || total
-------------------------+-------+-------+-------+-------++-------
Melee: Falchion          |   145 |       |       |       ||   145
       Dagger            |     5 |    68 |       |       ||    73
       Rapier            |       |    22 |   417 |    72 ||   511
       Long sword        |       |       |       |   313 ||   313
 Cast: Blink             |     2 |       |       |       ||     2
Invok: Lunge             |       |       |    53 |    54 ||   107
       Whirlwind         |       |       |   114 |   179 ||   293
       Wall Jump         |       |       |    30 |    38 ||    68
       Serpent's Lash    |       |       |       |     1 ||     1
  Use: Scroll            |     6 |     4 |    13 |     6 ||    29
       Potion            |       |       |     2 |     7 ||     9
 Stab: Distracted        |       |       |     1 |     4 ||     5
  Eat: Ration            |     1 |     1 |     4 |     4 ||    10
Armor: Leather armour    |    66 |    53 |    20 |       ||   139
       Skin              |       |       |     3 |    20 ||    23
       Ring mail         |       |       |    99 |   143 ||   242
Dodge: Dodged            |   121 |    62 |   164 |   167 ||   514
Block: Buckler           |       |       |    26 |   126 ||   152
       Rpst.: Falchion   |    35 |       |       |       ||    35
       Long sword        |       |       |       |    37 ||    37
